 Dungeon Crawl Stone Soup version 0.29.0-4-gdea44cf6ec (webtiles) character file.

Game seed: 7348612603621839101

16 qw the Chopper (level 2, -2/17 HPs)
             Began as a Tengu Warper on Aug 28, 2022.
             Slain by a quokka (3 damage)
             ... on level 1 of the Dungeon.
             The game lasted 00:00:02 (639 turns).

qw the Chopper (Tengu Warper)                        Turns: 639, Time: 00:00:03

Health: -2/17      AC:  3    Str: 11    XL:     2   Next: 54%
Magic:  6/6        EV: 11    Int: 13    God:
Gold:   3          SH:  0    Dex: 13    Spells: 5/5 levels left

rFire   . . .      SeeInvis .   a - +0 hand axe
rCold   . . .      Faith    .   (no shield)
rNeg    . . .      Spirit   .   b - +0 leather armour
rPois   .          Reflect  .   (helmet restricted)
rElec   .          Harm     .   (no cloak)
rCorr   .          Rampage  .   (no gloves)
Will    .....                   (boots unavailable)
Stlth   +.........              (no amulet)
HPRegen 0.05/turn               (no ring)
MPRegen 0.10/turn               (no ring)

@: no status effects
A: beak, talons 3
a: no special abilities


You were on level 1 of the Dungeon.
You visited 1 branch of the dungeon, and saw 1 of its levels.

You collected 3 gold pieces.


Innate Abilities, Weirdness & Mutations

You have a beak for a mouth.
You have claws for feet.


   Skills:
 - Level 2.0 Fighting
 + Level 3.4 Axes
 - Level 1.0 Throwing
 - Level 1.1 Armour
 - Level 2.1 Dodging
 - Level 2.0 Spellcasting
 - Level 2.4 Translocations


You had 5 spell levels left.
You didn't know any spells.
Your spell library contained the following spells:

 Spells                   Type           Power      Damage    Failure   Level
 Blink                    Tloc           14%        N/A       19%         2
 Gell's Gravitas          Tloc           7%         N/A       36%         3
 Lesser Beckoning         Tloc           7%         N/A       36%         3
 Teleport Other           Tloc           7%         N/A       36%         3
 Manifold Assault         Tloc           7%         N/A       98%         5

Inventory:

Hand Weapons
 a - a +0 hand axe (weapon)
 e - a +0 club
Armour
 b - a +0 leather armour (worn)
 d - a +0 ring mail
Scrolls
 c - a scroll of blinking
 f - a scroll of immolation {unknown}
 g - a scroll of summoning {unknown}

Dungeon Overview and Level Annotations

Branches:
Dungeon (1/15)

Altars:

Shops:
D:1 [


Message History

609 ||| SHOPLISTING pair of gloves (85 gold, have 3).
You can access your shopping list by pressing '$'.
609 ||| SHOPLISTING scale mail (76 gold, have 3).
You can access your shopping list by pressing '$'.
Found a stone staircase leading down.
There is a stone staircase leading down here.
A kobold comes into view. It is wielding a +0 dagger.
Enter note: You closely miss the kobold.
The kobold barely misses you.
You hit the kobold.
You kill the kobold!
You see here a +0 dagger.
A gnoll comes into view. It is wielding a +0 spear.
Found a metallic sapphire potion.
The gnoll shouts!
A quokka comes into view.
The gnoll misses you.
You hit the gnoll. You claw the gnoll. You peck the gnoll, but do no damage.
The gnoll is heavily wounded.
You hit the quokka. The quokka bites you. The gnoll hits you with a +0 spear.
You hit the gnoll but do no damage.
The gnoll is heavily wounded.
You barely miss the quokka. The quokka closely misses you.
The gnoll closely misses you.
You hit the gnoll but do no damage. You claw the gnoll.
The gnoll is severely wounded.
You hit the quokka. The quokka bites you. The gnoll hits you with a +0 spear.
The quokka barely misses you.
You completely miss the gnoll. You claw the gnoll.
The gnoll is severely wounded.
You barely miss the quokka. The gnoll hits you with a +0 spear.
The quokka completely misses you.
You hit the gnoll but do no damage. You claw the gnoll.
You kill the gnoll!
You closely miss the quokka. The quokka closely misses you.
The quokka bites you.
You die...

#....! .... ... .
...# .. .#...# #.
.....+ ###.##....#
#....# .........
#....# ###.#..##...#
#....##
#..)@r.##...###......
#.#..).##...+........
#..#.##...# #.#...#
#..#.##...###..#.#.
#..#.##...+.....\..
#..#.##...###..#.#.
#..#....>.....#...#
#..#..#...#........
#..#..#...#....##.#


You could see a quokka.

Vanquished Creatures
  A gnoll (D:1)
  2 ball pythons (D:1)
  An endoplasm (D:1)
  4 hobgoblins (D:1)
  A quokka (D:1)
  A frilled lizard (D:1)
  A goblin (D:1)
  3 kobolds (D:1)
  A rat (D:1)
15 creatures vanquished.

Notes
Turn   | Place    | Note
-------+----------+-------------------------------------------
     0 | D:1      | qw the Tengu Warper began the quest for the Orb.
     0 | D:1      | Reached XP level 1. HP: 12/12 MP: 4/4
     0 | D:1      | 0 ||| qw: Version: 0.1-a-89-g26bdef1
     0 | D:1      | 0 ||| qw: Game counter: 1928
     0 | D:1      | 0 ||| qw: Always use a shield: true
     0 | D:1      | 0 ||| qw: God list: Okawaru
     0 | D:1      | 0 ||| qw: Allow faded altars: false
     0 | D:1      | 0 ||| qw: Do Orc after D:15 true
     0 | D:1      | 0 ||| qw: Do second Lair branch before Depths: true
     0 | D:1      | 0 ||| qw: Lair rune preference: random
     0 | D:1      | 0 ||| qw: Plans: Normal
     0 | D:1      | 0 ||| PLANNING D:1-11
    78 | D:1      | 78 ||| Stepping ~*~*~tactically~*~*~ (stealth).
   336 | D:1      | Reached skill level 3 in Axes
   336 | D:1      | Reached XP level 2. HP: 12/17 MP: 6/6
   509 | D:1      | Found a faded altar of an unknown god.
   517 | D:1      | 517 ||| Stepping ~*~*~tactically~*~*~ (stealth).
   601 | D:1      | Found Ten Gaef's Antique Armour Shoppe.
   609 | D:1      | 609 ||| SHOPLISTING cloak (85 gold, have 3).
   609 | D:1      | 609 ||| SHOPLISTING embroidered robe (70 gold, have 3).
   609 | D:1      | 609 ||| SHOPLISTING pair of gloves (85 gold, have 3).
   609 | D:1      | 609 ||| SHOPLISTING scale mail (76 gold, have 3).
   637 | D:1      | HP: 3/17 [gnoll/+0 spear (4)]
   638 | D:1      | HP: 1/17 [gnoll/+0 spear (2)]
   639 | D:1      | Slain by a quokka

Levels and vault maps discovered:
D:1:      dpeg_arrival_rhombi, layout_basic,
          hellmonk_ecumenical_altar_crossroads, serial_shops,
          nicolae_shop_advertising_works [nicolae_subvault_shop_adworks],
          serial_park_tiny_pond

Skill      XL: |  1 |
---------------+----+-----
Axes           | 3 |  3.4
Fighting       | |  2.0
Throwing       | |  1.0
Armour         | |  1.1
Dodging        | |  2.1
Spellcasting   | |  2.0
Translocations | |  2.4

Action                   || total
-------------------------++-------
Melee: Hand axe          ||    36
       Kick              ||    13
       Peck              ||     8
       Punch             ||     1
Throw: Boomerang         ||     7
Armor: Leather armour    ||     5
Dodge: Dodged            ||    16

Table legend:
 A = Non-vault XP
 B = Vault XP
 C = Vault XP percentage of total XP
 D = Non-vault monster count
 E = Vault monster count
 F = Vault count percentage of total count
                 A         B        C        D         E       F
            +---------+---------+-------+---------+---------+-------
      Total |      38 |       0 |   0.0 |      15 |       0 |   0.0
            +---------+---------+-------+---------+---------+-------
        D:1 |      38 |       0 |   0.0 |      15 |       0 |   0.0
            +---------+---------+-------+---------+---------+-------
